 Seeded DCSS version 0.31-a0-774-g0d66cbabe8 (webtiles) character file.

Game seed: 7 (custom seed)

116 Psyclone the Stinger (level 5, -1/31 HPs)
             Began as an Octopode Venom Mage on Sept 17, 2023.
             Slain by an iguana (12 damage)
             ... on level 3 of the Dungeon.
             The game lasted 00:07:20 (2200 turns).

Psyclone the Stinger (Octopode Venom Mage)          Turns: 2200, Time: 00:07:21

Health: -1/31      AC:  1    Str:  7    XL:     5   Next: 0%
Magic:  1/8        EV: 13    Int: 20    God:
Gold:   152        SH:  0    Dex: 12    Spells: 3/9 levels left

rFire   . . .        a - +2 dagger (venom)
rCold   . . .        (no shield)
rNeg    . . .        (helmet restricted)
rPois   .            (no amulet)
rElec   .            b - ring of see invisible
rCorr   .            (no ring)
SInv    +            (no ring)
Will    .....        (no ring)
Stlth   +++          (no ring)
HPRegen 0.25/turn    (no ring)
MPRegen 0.11/turn    (no ring)
                     (no ring)

%: no passive effects
@: no status effects
A: almost no armour, amphibious, 8 rings, camouflage 1, gelatinous body 1,
(nimble swimmer 1), tentacles
a: no special abilities


You were on level 3 of the Dungeon.
You visited 1 branch of the dungeon, and saw 3 of its levels.

You collected 152 gold pieces.

Inventory:

Hand Weapons
 a - a +2 dagger of venom (weapon)
Missiles
 i - 6 poisoned darts
Jewellery
 b - a ring of see invisible (left tentacle)
Scrolls
 c - a scroll of poison {unknown}
 f - 2 scrolls of torment {unknown}
 h - 2 scrolls of teleportation {unknown}
 k - a scroll of enchant weapon {unknown}
 o - a scroll of identify {unknown}
Potions
 d - 2 potions of might {unknown}
 e - a potion of magic
 g - 4 potions of enlightenment {unknown}
 j - 2 potions of attraction {unknown}
 l - a potion of berserk rage {unknown}
 m - a potion of curing {unknown}
 n - a potion of lignification {unknown}
 p - a potion of degeneration {unknown}


   Skills:
 - Level 2.0 Dodging
 - Level 2.6 Stealth
 + Level 2.5 Spellcasting
 + Level 1.8 Transmutations
 + Level 1.3 Fire Magic
 + Level 5.6 Poison Magic


You had 3 spell levels left.
You knew the following spells:

 Your Spells              Type           Power      Damage    Failure   Level
a - Poisonous Vapours     Pois/Air       26%        N/A       7%          2
b - Sting                 Tmut/Pois      68%        1d6       3%          1
s - Ignite Poison         Fire/Tmut/Pois 14%        N/A       14%         3

Your spell library contained the following spells:

 Spells                   Type           Power      Damage    Failure   Level
 Cigotuvi's Dreadful Rot  Necr/Pois/Air  20%        N/A       11%         2
 Mephitic Cloud           Conj/Pois/Air  10%        N/A       21%         3
 Olgreb's Toxic Radiance  Pois           25%        N/A       14%         4
 Freezing Cloud           Conj/Ice/Air   1%         6-21      99%         5


Dungeon Overview and Level Annotations

Branches:
Dungeon (3/15) Zot: 15801

Altars:

Annotations:
D:2 Crazy Yiuf
D:3 exclusion: upstairs


Innate Abilities, Weirdness & Mutations

You cannot wear most types of armour.
You are amphibious.
You can wear up to eight rings at the same time.
Your skin changes colour to match your surroundings (Stealth+).
Your rubbery body absorbs attacks. (AC +1, EV +1)
((You are camouflaged when in or above water. (Stealth+)))
You have tentacles for arms and can constrict up to eight enemies at once.


Message History

Found a club and 16 gold pieces.
A goblin comes into view. It is wielding a +0 dagger.
The goblin shouts!
Casting: Poisonous Vapours (safe; 7% risk of failure)
Confirm with . or Enter, or press ? or * to list all spells.
Aiming: Poisonous Vapours (safe; 7% risk of failure)
Press: ? - help, Dir - move target, f - goblin
Aim: a goblin, wielding a +0 dagger Poisonous vapours surround the goblin!
The goblin is poisoned.
You now have 1/8 mp.
You kill the goblin!
You now have 152 gold pieces (gained 16).
You start resting.
An iguana comes into view.
You hear the slow rusting of a very distant drain.
Casting: Poisonous Vapours (safe; 7% risk of failure)
Confirm with . or Enter, or press ? or * to list all spells.
Aiming: Poisonous Vapours (safe; 7% risk of failure)
Press: ? - help, Dir - move target, f - iguana
Aim: an iguana Poisonous vapours surround the iguana!
The iguana is poisoned.
You now have 1/8 mp.
The iguana barely misses you.
You hit the iguana but do no damage. Your grab misses the iguana.
The iguana is lightly wounded.
The iguana bites you!
You take 8 damage, and have 23/31 hp.
MASSIVE DAMAGE!!
You barely miss the iguana. Your grab misses the iguana.
The iguana is lightly wounded.
The iguana bites you!
You take 12 damage, and have 11/31 hp.
MASSIVE DAMAGE!!
Casting: Poisonous Vapours (safe; 7% risk of failure)
Confirm with . or Enter, or press ? or * to list all spells.
You don't have enough magic to cast this spell.
Unknown command.
You hit the iguana.
The iguana looks even sicker.
Your grab misses the iguana. You squeeze the iguana!
The iguana is almost dead.
The iguana bites you!
You die...

######....###
###
#...........####
..
#........)......
..
#...............
#####.
#...............
.##.....
######..........
........
#..........
#.....
#...l......
#...#.
#..@.......
#.#.#.
###...##... ..
#.#. #........ .
#.<. ..#####..
#... ### #...
.... .....
....#. ###..#.


You could see an iguana (very poisoned).

Vanquished Creatures
  2 gnolls
  2 adders (D:2)
  A worm (D:3)
  2 dart slugs (D:2)
  6 endoplasms
  7 giant cockroaches
  9 goblins
  8 hobgoblins
  2 jackals (D:2)
  5 kobolds
  4 quokkas
  6 ball pythons
  A bat (D:2)
  6 frilled lizards
  4 rats
65 creatures vanquished.

Notes
Turn   | Place    | Note
-------+----------+-------------------------------------------
     0 | D:1      | Psyclone the Octopode Venom Mage began the quest for the
                  | Orb.
     0 | D:1      | Reached XP level 1. HP: 11/11 MP: 3/3
   120 | D:1      | Reached skill level 4 in Poison Magic
   167 | D:1      | Reached XP level 2. HP: 17/17 MP: 3/5
   262 | D:1      | Reached XP level 3. HP: 11/21 MP: 4/6
   263 | D:1      | Reached skill level 5 in Poison Magic
   419 | D:1      | Learned a level 2 spell: Poisonous Vapours
   474 | D:1      | Learned a level 3 spell: Ignite Poison
   946 | D:1      | You fall into a shaft and drop 1 floor!
  1431 | D:2      | Reached XP level 4. HP: 27/27 MP: 4/7
  1734 | D:2      | Reached skill level 1 in Fire Magic
  2021 | D:2      | Found a runed translucent door.
  2022 | D:2      | Noticed Crazy Yiuf
  2172 | D:3      | Reached XP level 5. HP: 31/31 MP: 2/8
  2200 | D:3      | Slain by an iguana

Illustrated notes

Levels and vault maps discovered:
D:1:      giann_forest_graveyard, layout_loops_ring, minmay_misc_feat_x
D:2:      minmay_recursive_quarters, layout_basic, uniq_crazy_yiuf_cottage
D:3:      layout_basic, mainiacjoe_overflow_surrounded_room,
          portal_sewer_entry_a

Skill      XL: |  1  2  3  4 |
---------------+-------------+-----
Poison Magic   | 4 5 |  5.6
Fire Magic     | 1 |  1.3
Dodging        | |  2.0
Stealth        | |  2.6
Spellcasting   | |  2.5
Transmutations | |  1.8

Action                     |  1- 3 |  4- 6 || total
---------------------------+-------+-------++-------
  Melee: Unarmed           |     5 |       ||     5
         Constrict         |    14 |    11 ||    25
         Tentacles         |    12 |     7 ||    19
         Dagger            |    55 |    35 ||    90
         Punch             |     1 |     1 ||     2
   Cast: Sting             |    16 |       ||    16
         Poisonous Vapours |    15 |    19 ||    34
   Stab: Sleeping          |     6 |     3 ||     9
         Distracted        |       |     1 ||     1
 Armour: Skin              |    15 |    17 ||    32
  Dodge: Dodged            |    32 |    17 ||    49

Table legend: (Time is in decaauts)
 A = Elapsed time spent in this place.
 B = Non-inter-level travel time spent in this place.
 C = Inter-level travel time spent in this place.
 D = Time resting spent in this place.
 E = Time spent auto-exploring this place.
 F = Levels seen in this place.
 G = Mean time per level.
                   A        B        C        D        E       F      G
               +--------+--------+--------+--------+--------+-----+--------+
         Total |   2198 |   2132 |     66 |     46 |   1463 |   3 |  732.7 |
       Dungeon |   2198 |   2132 |     66 |     46 |   1463 |   3 |  732.7 |
               +--------+--------+--------+--------+--------+-----+--------+

Top non-repeatable levels by time:
     D:2: 1095 daAuts
     D:1: 945 daAuts
     D:3: 157 daAuts
